 Dungeon Crawl Stone Soup version 0.22-a0-407-gb098539 (webtiles) character file.

36656 iamserjio the Protected (level 13, 0/86 HPs)
             Began as a Gargoyle Gladiator on May 9, 2018.
             Was a Follower of Uskayaw.
             Slain by a death yak (13 damage)
             ... on level 6 of the Lair of Beasts.
             The game lasted 00:41:45 (23018 turns).

iamserjio the Protected (Gargoyle Gladiator)       Turns: 23018, Time: 00:41:46

Health: 0/86       AC: 31    Str: 20    XL:     13   Next: 91%
Magic:  17/20      EV: 12    Int: 14    God:    Uskayaw [*.....]
Gold:   467        SH:  0    Dex: 12    Spells: 12/12 levels left

rFire    . . .     SeeInvis .   I - +2 eveningstar (crush)
rCold    . . .     Gourm    .   (no shield)
rNeg     + . .     Faith    .   v - +0 scale mail
rPois    ∞         Spirit   .   J - +0 helmet {Int+3}
rElec    +         Reflect  .   C - +2 cloak
rCorr    .         Harm     .   G - +2 pair of gloves
MR       .....                  (no boots)
Stlth    ..........             Q - amulet of rage
HPRegen  0.24/turn              j - +4 ring of protection
MPRegen  0.17/turn              (no ring)

@: no status effects
A: negative energy resistance 1, electricity resistance, unbreathing,
petrification resistance, rot immunity, AC +9
a: Stomp, Renounce Religion, Evoke Berserk Rage


You were on level 6 of the Lair of Beasts.
You worshipped Uskayaw.
Uskayaw was aware of your devotion.
You were hungry.

You visited 3 branches of the dungeon, and saw 17 of its levels.

You collected 962 gold pieces.
You spent 495 gold pieces at shops.

Inventory:

Hand Weapons
 r - a +2 whip of electrocution
 H - the +5 quarterstaff of True Grit {freeze, Int-3 Dex+2 Stlth+}
   (You found it on level 9 of the Dungeon)

   It has been specially enchanted to freeze those struck by it, causing extra
   injury to most foes and up to half again as much damage against particularly
   susceptible opponents.
   It can also slow down cold-blooded creatures.
   It affects your intelligence (-3).
   It affects your dexterity (+2).
   It makes you more stealthy.
 I - a +2 eveningstar of crushing (weapon)
Missiles
 d - 4 throwing nets (quivered)
Armour
 e - a +0 chain mail
 h - a scarf of resistance
 v - a +0 scale mail (worn)
 y - a +2 ring mail of fire resistance
 C - a +2 cloak (worn)
 F - a scarf of spirit shield
 G - a +2 pair of gloves (worn)
 J - a +0 helmet of intelligence (worn)
Jewellery
 j - a +4 ring of protection (left hand)
 n - an uncursed amulet of guardian spirit
 L - a +3 amulet of reflection
 Q - an amulet of rage (around neck)
Wands
 b - a wand of digging (31)
 u - a wand of acid (23)
 N - a wand of enslavement (17)
 O - a wand of iceblast (6)
Scrolls
 g - 2 scrolls of immolation
 i - 6 scrolls of enchant armour
 k - 7 scrolls of teleportation
 l - 6 scrolls of remove curse
 p - a scroll of random uselessness
 t - 2 scrolls of amnesia
 w - 3 scrolls of fog
 A - 2 scrolls of magic mapping
 E - 2 scrolls of blinking
 M - 4 scrolls of identify
 P - a scroll of brand weapon
Potions
 a - a potion of might
 c - a potion of resistance
 m - 4 potions of haste
 o - 4 potions of magic
 q - a potion of mutation {unknown}
 s - 3 potions of lignification
 x - 13 potions of curing
 z - 2 potions of brilliance {unknown}
 B - a potion of flight {unknown}
 D - 2 potions of berserk rage
 K - a potion of heal wounds {unknown}
 R - a potion of invisibility {unknown}
Miscellaneous
 S - a sack of spiders
Comestibles
 f - 24 rations


   Skills:
 + Level 12.2 Fighting
   Level 5.0 Long Blades
 - Level 12.0 Maces & Flails
 - Level 1.7 Throwing
 + Level 12.4 Armour
 - Level 3.7 Dodging
 - Level 10.0 Invocations
 + Level 5.5 Evocations


You had 12 spell levels left.
You didn't know any spells.

Dungeon Overview and Level Annotations

Branches:
Dungeon (10/15)            Temple (1/1) D:6            Lair (6/6) D:10
  Swamp (0/4) Lair:4        Snake (0/4) Lair:4        Slime (0/5) Lair:6
    Orc (0/2) D:10

Altars:
Ashenzari
Cheibriados
Dithmenos
Elyvilon
Fedhas
Gozag
Hepliaklqana
Kikubaaqudgha
Makhleb
Nemelex Xobeh
Okawaru
Qazlal
Ru
Sif Muna
Trog
Uskayaw
Vehumet
Wu Jian
Xom
Yredelemnul
Zin
The Shining One

Shops:
D:6 ?   D:9 [

Annotations:
Lair:1 exclusion: 3 oklob plants


Innate Abilities, Weirdness & Mutations

You are resistant to torment.
Your stone body is resilient. (AC +9)
You are immune to poison.
You resist negative energy. (rN+)
You are resistant to electric shocks. (rElec)
You can survive without breathing.
You are immune to petrification.
You are immune to rotting.


Message History

The death yak gores you.
You hit the death yak but do no damage.
The death yak is severely wounded.
The death yak barely misses you. The death yak closely misses you.
You puncture the death yak!
The death yak is almost dead.
The death yak gores you! x2
You are too injured to fight recklessly!
You are too injured to fight recklessly!
You are too injured to fight recklessly!
You are too injured to fight recklessly!
You stomp with the beat, sending a shockwave through the revelers around you!
The death yak is almost dead.
The death yak is moderately wounded.
You feel somewhat more hungry.
You can no longer pass through a line of other dancers.
The death yak gores you!
* * * LOW HITPOINT WARNING * * *
The death yak gores you!
You die...

#P...#.###.## ##..........#
##........### ## #..≈.#..###
#.. ##..P≈≈≈####### #...
#.#.P≈####(.PP #..P# ###.≈≈#
##...####...# #..≈#
#....##...# # #.#≈# ##...@Y÷#
######...# #.P##.Y.##
........## ### ###..## . #
........# ### ##.÷# ..P#
........# ##.### ##.###P..##
........# ##....####..÷.....#
........###......##.....###..
.........###......#..P###
.........# #..##.....##


You could see 2 death yaks.

Vanquished Creatures
  Kirke (Lair:6)
  Josephine (Lair:4)
  The ghost of tstbtto the Cleaver, a journeyman GrBe of Trog (Lair:4)
  2 catoblepae (Lair:6)
  3 hydras
  5 two-headed ogres
  A death yak (Lair:6)
  2 wolf spiders (Lair:2)
  2 manticores (Lair:6)
  7 elephants
  3 black mambas
  8 spiny frogs
  3 komodo dragons
  A queen bee (D:8)
  A hornet (Lair:2)
  A wolf spider simulacrum (D:8)
  Grinder (D:5)
  A polar bear (Lair:2)
  7 hippogriffs
  8 blink frogs
  3 slime creatures (Lair:6)
  4 wyverns
  A fire elemental (Lair:3)
  3 humans (Lair:6)
  26 yaks
  3 wraiths (Lair:4)
  Eustachio (D:5)
  The ghost of VDreamerV the Chopper, an amateur FoBe of Trog (D:3)
  2 hogs (Lair:6)
  2 wargs (D:10)
  A hungry ghost (D:10)
  A naga (Lair:4)
  A harpy simulacrum (D:8)
  12 water moccasins
  11 porcupines
  3 ice beasts
  An orc warrior (D:9)
  6 ogres
  5 phantoms
  4 centaurs
  6 crocodiles
  Blork the orc (D:5)
  16 bullfrogs
  2 gnoll sergeants (D:9)
  A water moccasin skeleton (D:6)
  A scorpion (D:5)
  22 killer bees
  5 wights (D:10)
  2 electric eels
  5 crimson imps
  A wyvern simulacrum (D:8)
  2 bullfrog skeletons (D:4)
  A bullfrog zombie (D:9)
  Crazy Yiuf (D:3)
  7 hounds
  2 jellies
  3 orc wizards
  An iguana (D:10)
  9 worker ants
  A hound zombie (D:10)
  3 hound skeletons
  A howler monkey zombie (D:6)
  A worker ant zombie (D:5)
  Robin (D:4)
  16 gnolls
  21 adders
  A shadow imp (D:9)
  2 oozes
  3 adder skeletons
  2 worms
  5 dart slugs
  3 leopard geckos
  16 orcs
  6 giant cockroaches
  2 gnoll zombies (D:5)
  18 goblins
  8 hobgoblins
  11 jackals
  4 kobolds
  3 quokkas
  2 ball pythons (D:1)
  7 bats
  4 frilled lizards
  A jackal skeleton (D:5)
  6 rats
  A butterfly (Lair:1)
  A fungus (Lair:6)
388 creatures vanquished.

Vanquished Creatures (others)
  2 humans (Lair:6)
  A yak (Lair:6)
  An orc (D:8)
  22 fungi
  24 plants
50 creatures vanquished.

Grand Total: 438 creatures vanquished

Notes
Turn   | Place    | Note
-------+----------+-------------------------------------------
     0 | D:1      | iamserjio the Gargoyle Gladiator began the quest for the Orb.
     0 | D:1      | Reached XP level 1. HP: 12/12 MP: 1/1
   285 | D:1      | Reached XP level 2. HP: 17/17 MP: 2/2
   684 | D:1      | Reached skill level 1 in Armour
  1079 | D:1      | Reached XP level 3. HP: 19/21 MP: 3/3
  1412 | D:2      | Found a blossoming altar of Fedhas.
  1699 | D:2      | Reached XP level 4. HP: 19/26 MP: 4/4
  3548 | D:3      | Noticed VDreamerV's ghost (amateur FoBe)
  3969 | D:3      | Reached XP level 5. HP: 22/30 MP: 5/5
  4591 | D:4      | Noticed a phantom
  4947 | D:4      | Killed a phantom
  4947 | D:4      | Reached XP level 6. HP: 23/35 MP: 6/6
  5289 | D:4      | Noticed Robin
  5307 | D:4      | Reached skill level 5 in Long Blades
  5323 | D:4      | Killed Robin
  5789 | D:4      | Reached skill level 1 in Maces & Flails
  5827 | D:4      | Reached XP level 7. HP: 36/40 MP: 7/7
  6591 | D:4      | Found a shattered altar of Ashenzari.
  6591 | D:4      | Found a white marble altar of Elyvilon.
  6827 | D:5      | Entered Level 5 of the Dungeon
  6991 | D:5      | Noticed Eustachio
  7015 | D:5      | Killed Eustachio
  7015 | D:5      | Reached XP level 8. HP: 47/48 MP: 8/8
  7217 | D:5      | Noticed Grinder
  7222 | D:5      | Killed Grinder
  7222 | D:5      | Reached skill level 5 in Maces & Flails
  7222 | D:5      | Reached skill level 5 in Armour
  7383 | D:5      | Noticed Blork the orc
  7408 | D:5      | Killed Blork the orc
  7667 | D:5      | Found a basalt altar of Yredelemnul.
  8052 | D:3      | Found a stormy altar of Qazlal.
  8187 | D:3      | Found a runed door.
  8470 | D:3      | Killed VDreamerV's ghost
  8470 | D:3      | Reached skill level 5 in Fighting
  8754 | D:3      | Noticed Crazy Yiuf
  8756 | D:3      | Killed Crazy Yiuf
  8958 | D:6      | Found Ycetiset's Magic Scroll Shop.
  8972 | D:6      | Reached XP level 9. HP: 46/54 MP: 9/9
  8990 | D:6      | Bought a scroll of magic mapping for 45 gold pieces
  8990 | D:6      | Bought a scroll of identify for 26 gold pieces
  8990 | D:6      | Bought a scroll of identify for 26 gold pieces
  8990 | D:6      | Bought a scroll of enchant armour for 97 gold pieces
  8990 | D:6      | Bought a scroll of teleportation for 39 gold pieces
  8990 | D:6      | Bought a scroll of teleportation for 39 gold pieces
  8990 | D:6      | Bought a scroll of noise for 13 gold pieces
  9152 | D:6      | Found a staircase to the Ecumenical Temple.
  9279 | Temple   | Entered the Ecumenical Temple
 10562 | D:7      | Found a deep blue altar of Sif Muna.
 10736 | D:8      | Noticed a queen bee
 11032 | D:8      | You fall through a shaft!
 11070 | D:9      | Reached XP level 10. HP: 52/61 MP: 8/10
 11500 | D:9      | Got a smoking quarterstaff
 11505 | D:9      | Identified the +5 quarterstaff of True Grit {freeze, Int-3 Dex+2 Stlth+} (You found it on level 9 of the Dungeon)
 11693 | D:9      | Found Ilekk's Antique Armour Emporium.
 11696 | D:9      | Bought a runed helmet for 210 gold pieces
 11763 | D:9      | Noticed a two-headed ogre
 11777 | D:9      | Killed a two-headed ogre
 12011 | D:8      | Found a transporter.
 12107 | D:8      | Noticed a two-headed ogre
 12122 | D:8      | Killed a two-headed ogre
 12122 | D:8      | Reached skill level 10 in Maces & Flails
 12270 | D:8      | Noticed a two-headed ogre
 12281 | D:8      | Killed a two-headed ogre
 12281 | D:8      | Reached XP level 11. HP: 67/69 MP: 11/11
 12393 | D:8      | Found a snail-covered altar of Cheibriados.
 12553 | D:8      | Found a bloodstained altar of Trog.
 12918 | D:8      | Found a transporter.
 13931 | D:9      | Found a hide-covered altar of Uskayaw.
 13931 | D:9      | Found a shimmering altar of Xom.
 14272 | D:9      | Became a worshipper of Uskayaw the Reveler
 14322 | D:10     | Entered Level 10 of the Dungeon
 14328 | D:10     | Reached * piety under Uskayaw
 14365 | D:10     | Reached ** piety under Uskayaw
 14371 | D:10     | Found a staircase to the Orcish Mines.
 14386 | D:10     | Reached *** piety under Uskayaw
 14392 | D:10     | Reached **** piety under Uskayaw
 14397 | D:10     | Reached skill level 1 in Invocations
 14398 | D:10     | Reached ***** piety under Uskayaw
 14685 | D:10     | Noticed a two-headed ogre
 14948 | D:10     | Killed a two-headed ogre
 15123 | D:10     | Found a staircase to the Lair.
 15318 | D:10     | Noticed a two-headed ogre
 15334 | D:10     | Killed a two-headed ogre
 15645 | Lair:1   | Entered Level 1 of the Lair of Beasts
 15872 | Lair:1   | Noticed a five-headed hydra
 15886 | Lair:1   | Killed a five-headed hydra
 15888 | Lair:1   | Noticed a six-headed hydra
 15900 | Lair:1   | Killed a six-headed hydra
 16204 | Lair:1   | Reached skill level 5 in Invocations
 16416 | Lair:1   | Noticed an oklob plant
 16416 | Lair:1   | Noticed an oklob plant
 16416 | Lair:1   | Noticed an oklob plant
 16539 | Lair:2   | Reached XP level 12. HP: 65/77 MP: 12/15
 16622 | Lair:2   | Reached skill level 10 in Armour
 17169 | Lair:2   | Reached skill level 10 in Fighting
 18928 | Lair:4   | Found a staircase to the Swamp.
 18933 | Lair:4   | Noticed Josephine
 18958 | Lair:4   | Killed Josephine
 18958 | Lair:4   | Reached skill level 1 in Evocations
 18970 | Lair:4   | Reached ****** piety under Uskayaw
 19117 | Lair:4   | Noticed tstbtto's ghost (journeyman GrBe)
 19895 | Lair:4   | Killed tstbtto's ghost
 19907 | Lair:4   | Reached XP level 13. HP: 80/84 MP: 19/19
 19958 | Lair:4   | Found a staircase to the Snake Pit.
 21401 | Lair:6   | Entered Level 6 of the Lair of Beasts
 21492 | Lair:6   | Reached skill level 10 in Invocations
 22101 | Lair:6   | Found a staircase to the Slime Pits.
 22699 | Lair:6   | Noticed Kirke
 22715 | Lair:6   | Reached skill level 5 in Evocations
 22715 | Lair:6   | Killed Kirke
 23018 | Lair:6   | Slain by a death yak

Vault maps used:
D:1:      dpeg_arrival_yet_another_circle, minmay_hexomino_f4
D:2:      lemuel_crystal_altar, first_ration
D:3:      overflow_temple_1_default, uniq_crazy_yiuf_cottage
D:4:      gammafunk_temple_overflow_pools, nicolae_ossuary_entry_ruins,
          st_stairs_14, supply_closet_lemuel, uniq_robin
D:5:      lemuel_zombie_altar_yredelemnul, uniq_eustachio, uniq_blork_the_orc,
          uniq_grinder
D:6:      minmay_temple_entry_purple_smoke, serial_shops, shop
D:7:      kennysheep_mini_moat, serial_bayou, serial_bayou_lagoon_b,
          serial_bayou_shore_b, serial_bayou_pond_b, serial_bayou_pond_a
D:8:      gammafunk_cloud_chamber, lemuel_doored_altar, david_nohive_1,
          trog_book
D:9:      gammafunk_temple_overflow_elements, serial_shops, kennysheep_mini
D:10:     lair_entry_dummy, minmay_orc_entry_guard_dogs
Temple:   nicolae_temple_figure_eight
Lair:1:   grunt_megastairs_1, lemuel_fruit_fields, minmay_lair_oklob_chamber,
          infiniplex_staircase_pool
Lair:2:   minmay_lair_venomous_thicket, grunt_megastairs_2
Lair:4:   swamp_mist_pool, guppyfry_snake_entry_garden, beast_lair_carwin_7,
          uniq_josephine
Lair:5:   serial_bayou_lagoon_a
Lair:6:   evilmike_catoblepas_cave, minmay_slime_entry_pillars, uniq_kirke

Skill      XL: |  1  2  3  4  5  6  7  8  9 10 11 12 13 |
---------------+----------------------------------------+-----
Long Blades    | 3 4 5 |  5.0
Armour         | 1 2 3 4 5 7 8 9 11 12 | 12.4
Dodging        | 3 |  3.7
Maces & Flails | 1 4 6 8 10 11 12 | 12.0
Fighting       | 3 5 6 8 9 10 12 | 12.2
Invocations    | 5 9 10 | 10.0
Evocations     | 2 5 |  5.5
Throwing       | |  1.7

Action                   |  1- 3 |  4- 6 |  7- 9 | 10-12 | 13-15 || total
-------------------------+-------+-------+-------+-------+-------++-------
Melee: Long sword        |    93 |   188 |       |       |       ||   281
       Whip              |       |    37 |   497 |   847 |       ||  1381
       Quarterstaff      |       |       |       |     3 |       ||     3
       Eveningstar       |       |       |       |    25 |   234 ||   259
Invok: Line Pass         |       |       |       |     2 |     1 ||     3
       Stomp             |       |       |       |    10 |    14 ||    24
 Abil: Evoke Berserk Rag |       |       |       |     1 |       ||     1
Evoke: Wand              |       |       |       |     1 |     2 ||     3
  Use: Scroll            |       |     1 |    10 |     9 |       ||    20
       Potion            |       |       |       |     3 |       ||     3
 Stab: Paralysed         |       |       |       |    46 |    16 ||    62
       Confused          |       |       |       |     1 |       ||     1
  Eat: Chunk             |     2 |     7 |    10 |    20 |     8 ||    47
       Ration            |       |     2 |     2 |     4 |     1 ||     9
Armor: Leather armour    |    37 |    88 |    12 |       |       ||   137
       Scale mail        |       |       |   252 |   506 |   204 ||   962
Dodge: Dodged            |    85 |   168 |   279 |   453 |   121 ||  1106
       Rpst.: Long sword |    29 |    34 |       |       |       ||    63

Table legend:
 A = Spawn XP
 B = Non-spawn XP
 C = Spawn XP percentage of total XP
 D = Spawn monster count
 E = Non-spawn monster count
 F = Spawn count percentage of total count
 G = Total turns spent on level
                    A         B        C        D         E        F      G
               +---------+---------+-------+---------+---------+-------+---------
         Total |       0 |   52367 |   0.0 |       0 |     384 |   0.0 | 23018
               +---------+---------+-------+---------+---------+-------+---------
           D:1 |       0 |      62 |   0.0 |       0 |      26 |   0.0 |  2593
           D:2 |       0 |      97 |   0.0 |       0 |      15 |   0.0 |  1306
           D:3 |       0 |     299 |   0.0 |       0 |      22 |   0.0 |  1828
           D:4 |       0 |     771 |   0.0 |       0 |      41 |   0.0 |  1945
           D:5 |       0 |     992 |   0.0 |       0 |      20 |   0.0 |  1212
           D:6 |       0 |     748 |   0.0 |       0 |      16 |   0.0 |   613
           D:7 |       0 |    1308 |   0.0 |       0 |      24 |   0.0 |  1306
           D:8 |       0 |    4125 |   0.0 |       0 |      34 |   0.0 |  1903
           D:9 |       0 |    2672 |   0.0 |       0 |      29 |   0.0 |  1631
          D:10 |       0 |    3778 |   0.0 |       0 |      24 |   0.0 |  1130
        Lair:1 |       0 |    3454 |   0.0 |       0 |      14 |   0.0 |  1081
        Lair:2 |       0 |    6049 |   0.0 |       0 |      32 |   0.0 |   930
        Lair:3 |       0 |    3251 |   0.0 |       0 |      14 |   0.0 |  1966
        Lair:4 |       0 |    6681 |   0.0 |       0 |      21 |   0.0 |  1103
        Lair:5 |       0 |    1697 |   0.0 |       0 |       6 |   0.0 |   663
        Lair:6 |       0 |   16383 |   0.0 |       0 |      46 |   0.0 |  1617
               +---------+---------+-------+---------+---------+-------+---------
